 Dungeon Crawl Stone Soup version 0.23.2-40-g277498a (webtiles) character file.

Game seed: 7990508785614201327

270 Fang the Skirmisher (level 6, -8/58 HPs)
             Began as a Gargoyle Berserker on Oct 14, 2019.
             Was a Believer of Trog.
             Mangled by an orc warrior
             ... wielding a +0 short sword
              (16 damage)
             ... on level 4 of the Dungeon.
             The game lasted 00:01:31 (2426 turns).

Fang the Skirmisher (Gargoyle Berserker)            Turns: 2426, Time: 00:01:32

Health: -8/58      AC:  6    Str: 28    XL:     6   Next: 22%
Magic:  6/6        EV: 12    Int:  7    God:    Trog [**....]
Gold:   145        SH:  0    Dex:  9    Spells: 5/5 levels left

rFire    . . .     SeeInvis .   a - +0 hand axe
rCold    . . .     Gourm    .   (no shield)
rNeg     + . .     Faith    .   b - +0 animal skin
rPois    ∞         Spirit   .   (no helmet)
rElec    +         Reflect  .   (no cloak)
rCorr    .         Harm     .   (no gloves)
MR       .....                  (no boots)
Stlth    ..........             (no amulet)
HPRegen  0.19/turn              (no ring)
MPRegen  0.10/turn              (no ring)

@: berserking, very quick
A: negative energy resistance 1, electricity resistance, unbreathing,
petrification resistance, rot immunity, AC +4
a: Berserk, Trog's Hand, Renounce Religion


You were on level 4 of the Dungeon.
You worshipped Trog.
Trog was pleased with you.
You were near starving.

You visited 1 branch of the dungeon, and saw 4 of its levels.

You collected 145 gold pieces.

Inventory:

Hand Weapons
 a - a +0 hand axe (weapon)
Armour
 b - a +0 animal skin (worn)
Jewellery
 d - a cursed -3 ring of strength {unknown}
Scrolls
 f - a scroll of enchant weapon {unknown}
 g - 2 scrolls of amnesia {unknown}
 h - 4 scrolls of remove curse {unknown}
 m - 2 scrolls of magic mapping {unknown}
 n - a scroll of immolation {unknown}
 o - a scroll of blinking {unknown}
 p - 2 scrolls of fear {unknown}
 s - 2 scrolls of teleportation {unknown}
 t - a scroll of identify {unknown}
Potions
 e - 2 potions of curing {unknown}
 i - a potion of flight {unknown}
 j - 2 potions of heal wounds {unknown}
 k - a potion of mutation {unknown}
 l - 2 potions of cancellation {unknown}
 q - a potion of might {unknown}
 u - a potion of brilliance {unknown}
Comestibles
 c - 6 rations


   Skills:
 + Level 4.6 Fighting
 + Level 3.8 Axes
 + Level 3.9 Armour
 + Level 2.9 Dodging


You had 5 spell levels left.
You didn't know any spells.
Your spell library was empty.

Dungeon Overview and Level Annotations

Branches:
Dungeon (4/15)
 Temple: D:4-7

Altars:


Innate Abilities, Weirdness & Mutations

You are resistant to torment.
Your stone body is resilient. (AC +4)
You are immune to poison.
You resist negative energy. (rN+)
You are resistant to electric shocks. (rElec)
You can survive without breathing.
You are immune to petrification.
You are immune to rotting.


Message History

You kill the orc!
Trog accepts your kill.
You hit the orc but do no damage. You closely miss the orc warrior.
The worker ant waves its antennae.
The worker ant bites you.
The orc warrior hits you with a +0 short sword!
* * * LOW HITPOINT WARNING * * *
The orc hits you but does no damage. The worker ant closely misses you.
You are too injured to fight recklessly!
You are too injured to fight recklessly!
You are too injured to fight recklessly!
You are too injured to fight recklessly!
You are too injured to fight recklessly!
You are too injured to fight recklessly!
You are too injured to fight recklessly!
A red film seems to cover your vision as you go berserk!
You feel yourself moving faster!
You feel mighty!
You are near starving!
The orc warrior hits you with a +0 short sword!
You die...

.........................
.........................
#'##########.............
......... #.............
......... ######....###
......... #....#....#
......... #....'....#
#################....## .
......o@.....# ..#
......aoo....# ..#
.............# ..#
.............+ ..
.............# #
###+#######.... # .... #
... ###


You could see an orc warrior, a worker ant and 2 orcs.

Vanquished Creatures
  An ice beast (D:4)
  A black bear (D:2)
  A worker ant (D:3)
  3 adders
  A worm (D:2)
  2 dart slugs
  2 orcs (D:4)
  4 bats
  A giant cockroach (D:1)
  3 goblins
  3 hobgoblins
  6 jackals (D:1)
  A ball python (D:3)
  A frilled lizard (D:2)
  A kobold (D:3)
  7 rats
38 creatures vanquished.

Notes
Turn   | Place    | Note
-------+----------+-------------------------------------------
     0 | D:1      | Fang the Gargoyle Berserker began the quest for the Orb.
     0 | D:1      | Reached XP level 1. HP: 14/14 MP: 1/1
   279 | D:1      | Reached XP level 2. HP: 19/19 MP: 2/2
   859 | D:2      | Noticed a black bear
   867 | D:2      | Killed a black bear
   867 | D:2      | Reached skill level 4 in Fighting
   867 | D:2      | Reached XP level 3. HP: 18/24 MP: 3/3
   867 | D:2      | Reached XP level 4. HP: 22/29 MP: 4/4
  1036 | D:2      | Reached XP level 5. HP: 20/33 MP: 5/5
  1150 | D:2      | Reached ** piety under Trog
  2313 | D:4      | Noticed an ice beast
  2322 | D:4      | Killed an ice beast
  2322 | D:4      | Reached XP level 6. HP: 39/39 MP: 6/6
  2416 | D:4      | Noticed an orc warrior
  2426 | D:4      | Mangled by an orc warrior

Skill      XL: |  1  2 |
---------------+-------+-----
Axes           | 3 |  3.8
Fighting       | 4 |  4.6
Armour         | 3 |  3.9
Dodging        | 2 |  2.9

Action                   |  1- 3 |  4- 6 || total
-------------------------+-------+-------++-------
Melee: Hand axe          |    43 |   130 ||   173
Invok: Berserk           |     2 |     2 ||     4
 Stab: Sleeping          |       |     1 ||     1
  Eat: Chunk             |     1 |     6 ||     7
Armor: Animal skin       |    27 |    38 ||    65
Dodge: Dodged            |    40 |    94 ||   134
